 Dungeon Crawl Stone Soup version 0.23-a0-808-gd21de94 (console) character file.

398 bli the Insei (level 6, -5/44 HPs)
             Began as a Demonspawn Transmuter on Jan 20, 2019.
             Was an Initiate of Wu Jian.
             Slain by a gnoll
             ... wielding a +0 spear
              (6 damage)
             ... on level 3 of the Dungeon.
             The game lasted 00:11:56 (3091 turns).

bli the Insei (Demonspawn Transmuter)               Turns: 3091, Time: 00:11:57

Health: -5/44      AC:  3    Str: 10    XL:     6   Next: 53%
Magic:  8/9        EV: 13    Int: 14    God:    Wu Jian [......]
Gold:   172        SH:  0    Dex: 16    Spells: 4/9 levels left

rFire    + . .     SeeInvis .     - Unarmed
rCold    . . .     Gourm    .   (no shield)
rNeg     . . .     Faith    .   b - +0 robe
rPois    .         Spirit   .   (no helmet)
rElec    .         Reflect  .   (no cloak)
rCorr    .         Harm     .   (no gloves)
MR       .....                  (no boots)
Stlth    +.........             (no amulet)
HPRegen  0.14/turn              (no ring)
MPRegen  0.11/turn              (no ring)

@: very slightly contaminated
A: talons 1, rugged brown scales 1, fire resistance 1
a: Renounce Religion


You were on level 3 of the Dungeon.
You worshipped Wu Jian.
Wu Jian was noncommittal.
You were not hungry.

You visited 1 branch of the dungeon, and saw 3 of its levels.

You collected 172 gold pieces.

Inventory:

Hand Weapons
 l - a +0 hunting sling
 y - a +0 dagger of venom
Missiles
 a - 78 arrows
 i - 62 stones (quivered)
 q - 8 exploding tomahawks
Armour
 b - a +0 robe (worn)
 c - a +0 leather armour
 v - a +0 leather armour
 x - a +2 chain mail of cold resistance
Wands
 u - a wand of flame (12)
 w - a wand of iceblast (10)
Scrolls
 f - a scroll of enchant weapon {unknown}
 g - 6 scrolls of identify {unknown}
 n - 3 scrolls of blinking {unknown}
 r - a scroll of noise {unknown}
 t - 3 scrolls of magic mapping {unknown}
Potions
 e - a potion of heal wounds {unknown}
 h - a potion of flight {unknown}
 j - 2 potions of haste {unknown}
 k - 3 potions of curing {unknown}
 m - a potion of resistance {unknown}
 o - 2 potions of ambrosia {unknown}
 s - a potion of mutation {unknown}
 z - a potion of cancellation {unknown}
Comestibles
 d - 8 rations
 p - 3 chunks of flesh


   Skills:
 + Level 1.5 Fighting
 + Level 2.5 Dodging
 + Level 6.1 Unarmed Combat
 + Level 2.4 Spellcasting
 * Level 0.3 Translocations
 - Level 2.0 Transmutations


You had 4 spell levels left.
You knew the following spells:

 Your Spells              Type           Power        Failure   Level  Hunger
a - Beastly Appendage     Tmut           #.....       10%         1    #......
B - Blink                 Tloc           N/A          30%         2    ###....
S - Sticks to Snakes      Tmut           #.......     16%         2    ###....

Your spell library contained the following spells:

 Spells                   Type           Power        Failure   Level  Hunger
 Magic Dart               Conj           #...         22%         1    #......
 Call Imp                 Summ           #.......     34%         2    ###....
 Slow                     Hex            #.......     34%         2    ###....
 Spider Form              Tmut/Pois      #.........   41%         3    ###....
 Conjure Flame            Conj/Fire      #.......     56%         3    ###....
 Mephitic Cloud           Conj/Pois/Air  #.......     56%         3    ###....
 Ice Form                 Ice/Tmut       #.......     83%         4    #####..
 Blade Hands              Tmut           #.........   95%         5    ######.


Dungeon Overview and Level Annotations

Branches:
Dungeon (3/15)

Altars:
Hepliaklqana
Wu Jian
Xom


Innate Abilities, Weirdness & Mutations

You have sharp toenails.
You are partially covered in rugged brown scales. (AC +1, +3% HP)
Your flesh is heat resistant. (rF+)


Message History

* * * LOW HITPOINT WARNING * * *
You punch the gnoll!
The gnoll is severely wounded.
The gnoll hits you but does no damage.
You closely miss the gnoll.
The gnoll is severely wounded.
You hit the gnoll but do no damage. Your kick misses the gnoll.
The gnoll is severely wounded.
The gnoll closely misses you.
The orc hits you from afar with a +0 spear.
* * * LOW HITPOINT WARNING * * *
You hit the gnoll.
The gnoll is severely wounded.
The gnoll hits you with a +0 spear!
* * * LOW HITPOINT WARNING * * *
The orc misses you.
You barely miss the gnoll.
The gnoll is severely wounded.
The gnoll hits you with a +0 spear.
You die...

#.........##
#...........
##.######.## #.#
#..... #.# #.....
#.# #..... #.#
#..รท.. #.# #.....
##.# #.#.## #####
#..# #.#... #.'@#
##.####.###.
#.#.go..##..........
#.###o.###.####.###.
#..# ...##.####.###.
#.####.)##..........
#..#.####.......)...
#....))...#####.####
########### #.....
######


You could see a gnoll and 2 orcs.

Vanquished Creatures
  A scorpion (D:2)
  An orc priest (D:3)
  An iguana (D:3)
  An orc wizard (D:3)
  Jessica (D:3)
  Ijyb (D:3)
  Natasha (thrice) (D:3)
  4 adders
  3 oozes
  3 worms (D:2)
  4 dart slugs
  5 leopard geckos
  3 orcs (D:3)
  3 giant cockroaches
  4 hobgoblins
  2 quokkas
  8 bats
  2 frilled lizards
  8 goblins
  13 kobolds
  7 rats
78 creatures vanquished.

Notes
Turn   | Place    | Note
-------+----------+-------------------------------------------
     0 | D:1      | bli the Demonspawn Transmuter began the quest for the Orb.
     0 | D:1      | Reached XP level 1. HP: 15/15 MP: 3/3
   214 | D:1      | Reached skill level 3 in Unarmed Combat
   220 | D:1      | Mutation became permanent: You have razor-sharp toenails.
                  | [demonic ancestry]
   220 | D:1      | Gained mutation: You have claws for feet. [demonic
                  | ancestry]
   220 | D:1      | Reached XP level 2. HP: 19/21 MP: 3/5
   534 | D:1      | Reached XP level 3. HP: 17/26 MP: 6/6
   897 | D:2      | Reached skill level 4 in Unarmed Combat
   966 | D:2      | Learned a level 2 spell: Blink
  1356 | D:2      | Reached XP level 4. HP: 17/32 MP: 7/7
  1828 | D:2      | Reached skill level 5 in Unarmed Combat
  1828 | D:2      | Gained mutation: You are partially covered in rugged brown
                  | scales. (AC +1, +3% HP) [demonic ancestry]
  1828 | D:2      | Reached XP level 5. HP: 20/38 MP: 6/8
  2025 | D:3      | Noticed Natasha
  2031 | D:3      | Killed Natasha
  2109 | D:3      | Noticed Natasha
  2115 | D:3      | Killed Natasha
  2152 | D:3      | Learned a level 2 spell: Sticks to Snakes
  2224 | D:3      | Found an ornate altar of the Wu Jian Council.
  2232 | D:3      | Became a worshipper of the Wu Jian Council
  2266 | D:3      | Noticed Ijyb
  2281 | D:3      | Killed Ijyb
  2447 | D:3      | Noticed Natasha
  2459 | D:3      | Killed Natasha
  2459 | D:3      | Gained mutation: Your flesh is heat resistant. (rF+)
                  | [demonic ancestry]
  2459 | D:3      | Reached XP level 6. HP: 9/44 MP: 9/9
  2860 | D:3      | Noticed Jessica
  2867 | D:3      | Killed Jessica
  2867 | D:3      | Reached skill level 6 in Unarmed Combat
  2976 | D:3      | Found a hazy altar of Hepliaklqana.
  2979 | D:3      | Found a shimmering altar of Xom.
  2979 | D:3      | Noticed a hell beast
  2980 | D:3      | Noticed a hell beast
  2980 | D:3      | Noticed a spectral ugly thing
  3090 | D:3      | HP: 1/44 [gnoll/+0 spear (7)]
  3091 | D:3      | Slain by a gnoll

Vault maps used:
D:1:      lightli_molten_gateway, minmay_misc_feat_room
D:2:      first_ration, minmay_tromino_v2
D:3:      minmay_wonky_spiral, regret_index_temple_of_mockery,
          overflow_temple_1_default, uniq_jessica, uniq_natasha, uniq_ijyb

Skill      XL: |  1  2  3  4  5  6 |
---------------+-------------------+-----
Unarmed Combat | 3 4 5 6 |  6.1
Dodging        | 2 |  2.5
Transmutations | 2 |  2.0
Fighting       | |  1.5
Spellcasting   | |  2.4
Translocations | |  0.3

Action                   |  1- 3 |  4- 6 || total
-------------------------+-------+-------++-------
Melee: Unarmed           |   112 |   147 ||   259
       Kick              |    24 |    30 ||    54
       Punch             |     3 |     1 ||     4
       Headbutt          |     2 |    17 ||    19
Throw: Stone             |     1 |     5 ||     6
 Cast: Beastly Appendage |    14 |    20 ||    34
Invok: Lunge             |       |     6 ||     6
 Stab: Sleeping          |     1 |     2 ||     3
  Eat: Chunk             |     1 |     7 ||     8
Armor: Robe              |    10 |    17 ||    27
Dodge: Dodged            |    57 |    81 ||   138

Table legend:
 A = Non-vault XP
 B = Vault XP
 C = Vault XP percentage of total XP
 D = Non-vault monster count
 E = Vault monster count
 F = Vault count percentage of total count
                 A         B        C        D         E       F
            +---------+---------+-------+---------+---------+-------
      Total |     441 |     128 |  22.5 |      72 |       6 |   7.7
            +---------+---------+-------+---------+---------+-------
        D:1 |      54 |       0 |   0.0 |      23 |       0 |   0.0
        D:2 |     146 |       6 |   3.9 |      27 |       2 |   6.9
        D:3 |     241 |     122 |  33.6 |      22 |       4 |  15.4
            +---------+---------+-------+---------+---------+-------
